 Dungeon Crawl Stone Soup version 0.31-a0-1540-g5a0b83f448 (webtiles) character file.

Game seed: 15029679034331377477

3 croobank the Sneak (level 1, -7/12 HPs)
             Began as a Felid Delver on Jan 1, 2024.
             Mangled by an orc
             ... wielding a +0 flail
              (11 damage)
             ... on level 3 of the Dungeon.
             The game lasted 00:03:16 (343 turns).

croobank the Sneak (Felid Delver)                    Turns: 343, Time: 00:03:16

Health: -7/12      AC:  1    Str:  8    XL:     1   Next: 41%
Magic:  2/2        EV: 17    Int: 13    God:
Gold:   0          SH:  0    Dex: 17    Spells: 0/0 levels left
                                        Lives:  0   Deaths: 1

rFire   . .          .
                       - Unarmed
rCold   . . .        (shield unavailable)
rNeg    . . .        (body armour unavailable)
rPois   .            (helmet unavailable)
rElec   .            (cloak unavailable)
rCorr   .            (gloves unavailable)
SInv    +            (boots unavailable)
Will    .....        (no amulet)
Stlth   ++++         (no ring)
HPRegen 0.22/turn    (no ring)
MPRegen 0.08/turn

%: no passive effects
@: no status effects
A: very small, claws 1, fangs 3, see invisible, shaggy fur 1, stealthy paws, no
weapons or thrown items, no armour, multi-lived
a: no special abilities


You were on level 3 of the Dungeon.
You visited 1 branch of the dungeon, and saw 3 of its levels.

Inventory:

Wands
 e - a wand of digging (2)


   Skills:
 + Level 3.0 Fighting
 + Level 2.8 Dodging
 + Level 6.6 Stealth
 + Level 2.1 Unarmed Combat


You couldn't memorise any spells.
You didn't know any spells.
Your spell library was empty.

Dungeon Overview and Level Annotations

Branches:
Dungeon (5/15)
 Temple: D:4-7

Altars:

Annotations:
D:3 Terence


Innate Abilities, Weirdness & Mutations

You have sharp claws.
You have razor-sharp teeth.
You have supernaturally acute eyesight. (SInv)
You are covered in fur. (AC +1)
Your paws help you pounce on unaware monsters.
You are incapable of wielding weapons or throwing items.
You cannot wear armour.
You gain extra lives every three experience levels.


Message History

You climb upwards.
There is a stone staircase leading down here.
You start resting.
HP restored.
Terence the Incautious comes into view.
He is wielding a +0 hand axe.
There is a stone staircase leading down here.
An orc comes into view. It is wielding a +0 flail.
The orc shouts!
You scratch the orc. You bite the orc, but do no damage.
The orc is lightly wounded.
The orc hits you with a +0 flail.
You barely miss the orc.
The orc is lightly wounded.
The orc misses you.
You scratch the orc.
The orc is heavily wounded.
The orc hits you with a +0 flail!
Ouch! That really hurt!
* * * LOW HITPOINT WARNING * * *
You are too injured to fight recklessly!
You barely miss the orc.
The orc is heavily wounded.
You closely miss the orc.
The orc is heavily wounded.
The orc closely misses you.
You closely miss the orc.
The orc is heavily wounded.
The orc closely misses you.
A ribbon worm comes into view.
You scratch the orc.
The orc is severely wounded.
The orc barely misses you.
You barely miss the orc.
The orc is severely wounded.
The orc closely misses you.
You barely miss the orc.
The orc is severely wounded.
The orc hits you with a +0 flail!
Ouch! That really hurt!
You die...

..##### #
......# ..
#w.....#
######......#
....#......#
#..#......+
#..o......#
#@..# #..##
##.# #.####.#
#>.....#
##.##### #.#
..# .###


You could see a ribbon worm and an orc.

Vanquished Creatures
  An endoplasm (D:4)
  A quokka (D:4)
  A ball python (D:4)
3 creatures vanquished.

Notes
Turn   | Place    | Note
-------+----------+-------------------------------------------
     0 | D:5      | croobank the Felid Delver began the quest for the Orb.
     0 | D:5      | Reached XP level 1. HP: 12/12 MP: 2/2
     7 | D:5      | Noticed a black bear
   180 | D:4      | Noticed a phantom
   264 | D:4      | Succumbed to an adder's poison
   264 | D:4      | Lost a life (0 lives remaining)
   329 | D:3      | Noticed Terence
   343 | D:3      | Mangled by an orc

Illustrated notes

Levels and vault maps discovered:
D:3:      layout_basic, serial_co_window_serial, co_window_corner_a,
          co_window_paths_b, co_window_paths_a, co_window_corner_a,
          co_window_paths_b, co_window_corner_a, co_window_paths_b,
          co_window_broadway_a, co_window_corner_cb, co_window_corner_b,
          co_window_broadway_c, co_window_corner_ca, glass_columns_c,
          glass_columns_b, glass_columns_a, st_stairs_10, uniq_terence,
          uniq_sigmund
D:4:      layout_gridville, gammafunk_ghost_arena, uniq_menkaure
D:5:      layout_rooms, nicolae_ru_the_path_less_chosen, gammafunk_ghost_hive,
          serial_park_tiny_2, dk_vineyard_2, reono_crystal_passage, uniq_duvessa

Action                     || total
---------------------------++-------
  Melee: Unarmed           ||    17
         Bite              ||     2
  Evoke: Wand              ||     1
    Use: Scroll            ||     4
         Potion            ||     1
   Stab: Sleeping          ||     3
 Armour: Skin              ||    12
  Dodge: Dodged            ||    19

Table legend: (Time is in decaauts)
 A = Elapsed time spent in this place.
 B = Non-inter-level travel time spent in this place.
 C = Inter-level travel time spent in this place.
 D = Time resting spent in this place.
 E = Time spent auto-exploring this place.
 F = Levels seen in this place.
 G = Mean time per level.
                   A        B        C        D        E       F      G
               +--------+--------+--------+--------+--------+-----+--------+
         Total |    328 |    328 |      0 |    143 |      1 |   3 |  109.3 |
       Dungeon |    328 |    328 |      0 |    143 |      1 |   3 |  109.3 |
               +--------+--------+--------+--------+--------+-----+--------+

Top non-repeatable levels by time:
     D:4: 268 daAuts
     D:3: 38 daAuts
     D:5: 21 daAuts
